[ AOE2 MATCH · #507639336 ]
UnrankedLithuanians vs Persians
Player's team · LOSS
Rival team · WIN
[ REPLAY ANALYSIS · EXTRACTED FROM THE RECORDED GAME ]
Feudal
13:21
Castle
24:59
Imperial
39:15
| APM avg | 62.6 |
| APM peak | 116 |
| eAPM avg | 30.9 |
| Villagers / military | 223 / 424 |
Focus
⚔️ 44.2% · 🌾 55.8%
Spearman ×143 · Cavalry Archer ×138 · Scout Cavalry ×109 · Skirmisher ×12 · Militia ×11 · Trebuchet (Packed) ×8
Feudal
11:35
Castle
22:30
Imperial
41:41
| APM avg | 42.7 |
| APM peak | 83 |
| eAPM avg | 25.2 |
| Villagers / military | 182 / 548 |
Focus
⚔️ 43.2% · 🌾 56.8%
Scout Cavalry ×215 · Skirmisher ×148 · Cavalry Archer ×105 · Camel Scout ×31 · Archer ×30 · Trebuchet (Packed) ×7
Match map
Initial resources + every placement click. Lines = walls · curves = elevation contours. ◆ gold · ⬟ stone · ● berries · ✦ relic · ◌ wall gap
Your base· ✓ Closed at 24:59 · 53t walls · 1 gate(s)
Andi's base· ✓ Closed at 22:30 · 49t walls · 1 gate(s)
Smoothed initial terrain · ◌ = detected wall gap · hover for details
Inputs per minute
— JOJO ROAD ROLLER - - Andi
Build order — JOJO ROAD ROLLER
First 150 of 933 actions detected
| 0:01 | Create | Villager (Male) ×5 |
| 0:02 | Build | House |
| 0:03 | Build | House |
| 0:20 | Create | Villager (Male) |
| 1:42 | Create | Villager (Male) |
| 2:02 | Create | Villager (Male) |
| 2:19 | Build | Barracks |
| 2:38 | Create | Villager (Male) |
| 2:39 | Create | Villager (Male) |
| 2:43 | Create | Villager (Male) |
| 3:12 | Create | Militia |
| 3:20 | Create | Militia |
| 3:20 | Create | Militia |
| 3:22 | Build | House |
| 3:36 | Create | Militia |
| 3:37 | Create | Militia |
| 3:44 | Create | Villager (Male) |
| 3:45 | Create | Villager (Male) |
| 4:09 | Create | Villager (Male) |
| 4:43 | Create | Villager (Male) |
| 4:44 | Create | Villager (Male) |
| 4:44 | Create | Villager (Male) |
| 4:52 | Build | House |
| 5:00 | Create | Villager (Male) |
| 5:21 | Create | Villager (Male) |
| 5:25 | Build | House |
| 6:26 | Create | Villager (Male) |
| 6:26 | Create | Militia |
| 6:28 | Create | Militia |
| 6:40 | Build | Mill |
| 6:54 | Create | Militia |
| 6:57 | Create | Villager (Male) |
| 6:57 | Create | Villager (Male) |
| 6:57 | Create | Villager (Male) |
| 7:18 | Create | Militia |
| 7:46 | Create | Villager (Male) |
| 7:58 | Build | House |
| 8:10 | Create | Villager (Male) |
| 8:16 | Build | Lumber Camp |
| 8:35 | Build | Palisade Wall |
| 8:36 | Build | Palisade Wall |
| 8:37 | Build | Palisade Wall |
| 8:39 | Create | Villager (Male) |
| 8:47 | Create | Villager (Male) |
| 9:17 | Build | Palisade Wall |
| 9:18 | Build | Palisade Wall |
| 9:34 | Create | Villager (Male) |
| 9:36 | Create | Militia |
| 9:37 | Create | Militia |
| 9:39 | Build | Palisade Wall |
| 9:47 | Build | Palisade Gate |
| 9:48 | Build | Palisade Wall |
| 9:52 | Build | Palisade Wall |
| 9:56 | Create | Villager (Male) |
| 9:59 | Build | Palisade Wall |
| 10:14 | Build | Palisade Wall |
| 10:21 | Build | House |
| 10:36 | Create | Villager (Male) |
| 10:42 | Build | Farm |
| 11:04 | Research | Feudal Age |
| 11:34 | Build | Lumber Camp |
| 11:59 | Build | Farm |
| 12:17 | Build | Farm |
| 12:34 | Build | Farm |
| 12:38 | Build | Farm |
| 12:51 | Build | Farm |
| 13:08 | Build | House |
| 13:19 | Create | Villager (Male) |
| 13:21 | Age | Feudal Age |
| 13:22 | Research | Double-Bit Axe |
| 13:24 | Research | Man-at-Arms (upgrade) |
| 13:44 | Create | Villager (Male) |
| 13:46 | Research | Horse Collar |
| 13:58 | Build | Farm |
| 14:18 | Create | Villager (Male) |
| 14:18 | Create | Villager (Male) |
| 14:19 | Create | Villager (Male) |
| 14:37 | Build | Stable |
| 14:48 | Create | Villager (Male) |
| 14:53 | Build | Farm |
| 15:03 | Build | Farm |
| 15:18 | Build | Farm |
| 15:19 | Create | Scout Cavalry |
| 15:19 | Create | Scout Cavalry |
| 15:20 | Create | Scout Cavalry |
| 15:20 | Create | Scout Cavalry |
| 15:30 | Create | Villager (Male) |
| 15:33 | Build | Farm |
| 15:38 | Research | Loom |
| 15:42 | Create | Scout Cavalry |
| 15:49 | Build | Farm |
| 16:12 | Build | House |
| 16:26 | Build | Blacksmith |
| 16:28 | Create | Villager (Male) |
| 16:37 | Create | Scout Cavalry |
| 16:45 | Create | Villager (Male) |
| 16:47 | Build | Farm |
| 16:51 | Create | Scout Cavalry |
| 17:02 | Research | Bloodlines |
| 17:04 | Research | Scale Barding Armor |
| 17:11 | Build | Mining Camp |
| 17:22 | Create | Villager (Male) |
| 17:23 | Create | Villager (Male) |
| 17:42 | Build | Market |
| 17:50 | Build | House |
| 17:52 | Build | Palisade Wall |
| 17:56 | Create | Villager (Male) |
| 17:59 | Build | House |
| 18:03 | Build | Palisade Wall |
| 18:08 | Create | Villager (Male) |
| 18:09 | Create | Scout Cavalry |
| 18:11 | Create | Villager (Male) |
| 18:18 | Build | House |
| 18:32 | Build | Farm |
| 18:40 | Create | Scout Cavalry |
| 18:42 | Build | House |
| 18:47 | Build | House |
| 18:51 | Build | House |
| 18:52 | Research | Forging |
| 18:55 | Build | Farm |
| 19:24 | Build | House |
| 19:27 | Create | Villager (Male) |
| 19:28 | Create | Scout Cavalry |
| 19:46 | Create | Villager (Male) |
| 19:53 | Create | Villager (Male) |
| 19:54 | Create | Scout Cavalry |
| 20:08 | Build | Mill |
| 20:09 | Build | Farm |
| 20:09 | Build | Farm |
| 20:09 | Build | Farm |
| 20:09 | Build | Farm |
| 20:13 | Build | Farm |
| 20:27 | Build | Farm |
| 20:29 | Create | Villager (Male) |
| 20:43 | Build | House |
| 21:02 | Build | Farm |
| 21:08 | Create | Villager (Male) |
| 21:37 | Create | Villager (Male) |
| 22:13 | Build | Farm |
| 22:18 | Build | House |
| 22:19 | Build | House |
| 22:19 | Research | Castle Age |
| 23:00 | Build | Archery Range |
| 23:02 | Build | Archery Range |
| 23:07 | Build | House |
| 23:08 | Build | House |
| 23:10 | Build | House |
| 23:11 | Build | House |
| 23:12 | Build | House |
| 23:24 | Research | Fletching |
Build order — Andi
First 150 of 726 actions detected
| 0:00 | Create | Villager (Male) |
| 0:00 | Create | Villager (Male) |
| 0:00 | Create | Villager (Male) |
| 0:01 | Build | House |
| 0:02 | Build | House |
| 0:18 | Create | Villager (Male) |
| 0:18 | Create | Villager (Male) |
| 1:22 | Create | Villager (Male) |
| 1:23 | Create | Villager (Male) |
| 1:23 | Create | Villager (Male) |
| 1:48 | Create | Villager (Male) |
| 1:48 | Create | Villager (Male) |
| 1:48 | Create | Villager (Male) |
| 2:06 | Build | Lumber Camp |
| 2:36 | Create | Villager (Male) |
| 2:42 | Create | Villager (Male) |
| 2:42 | Create | Villager (Male) |
| 2:42 | Create | Villager (Male) |
| 2:42 | Create | Villager (Male) |
| 2:55 | Build | House |
| 2:57 | Create | Villager (Male) |
| 3:14 | Create | Villager (Male) |
| 3:40 | Research | Loom |
| 3:43 | Build | Mill |
| 3:55 | Create | Villager (Male) |
| 4:02 | Create | Villager (Male) |
| 4:28 | Create | Villager (Male) |
| 4:33 | Build | House |
| 4:34 | Build | House |
| 4:35 | Build | Palisade Wall |
| 4:39 | Create | Villager (Male) |
| 4:58 | Build | Palisade Wall |
| 5:22 | Create | Villager (Male) |
| 5:30 | Build | Palisade Wall |
| 5:32 | Build | Palisade Wall |
| 5:35 | Create | Villager (Male) |
| 5:40 | Build | Palisade Wall |
| 5:42 | Build | Palisade Wall |
| 5:49 | Build | Palisade Wall |
| 6:08 | Create | Villager (Male) |
| 6:17 | Create | Villager (Male) |
| 6:25 | Create | Villager (Male) |
| 6:39 | Create | Villager (Male) |
| 6:45 | Create | Villager (Male) |
| 7:14 | Create | Villager (Male) |
| 7:23 | Build | Palisade Wall |
| 7:25 | Create | Villager (Male) |
| 7:53 | Build | Mining Camp |
| 8:04 | Create | Villager (Male) |
| 8:15 | Build | House |
| 8:30 | Build | Lumber Camp |
| 8:50 | Build | Palisade Wall |
| 9:10 | Research | Feudal Age |
| 9:36 | Create | Villager (Male) |
| 9:40 | Build | Barracks |
| 10:36 | Create | Villager (Male) |
| 11:06 | Build | House |
| 11:35 | Age | Feudal Age |
| 11:37 | Build | Archery Range |
| 11:40 | Research | Horse Collar |
| 11:41 | Research | Double-Bit Axe |
| 11:46 | Build | Archery Range |
| 12:04 | Build | House |
| 12:08 | Create | Villager (Male) |
| 12:29 | Build | Mill |
| 12:31 | Build | House |
| 12:32 | Create | Archer |
| 12:33 | Create | Archer |
| 12:35 | Create | Villager (Male) |
| 12:44 | Create | Archer |
| 12:45 | Create | Archer |
| 12:51 | Build | Farm |
| 12:54 | Create | Archer |
| 13:00 | Build | House |
| 13:03 | Create | Villager (Male) |
| 13:10 | Build | Blacksmith |
| 13:27 | Create | Archer |
| 13:27 | Create | Archer |
| 13:28 | Create | Villager (Male) |
| 13:48 | Create | Villager (Male) |
| 13:55 | Build | House |
| 13:57 | Build | House |
| 14:03 | Create | Villager (Male) |
| 14:06 | Research | Fletching |
| 14:17 | Create | Villager (Male) |
| 14:18 | Create | Archer |
| 14:18 | Create | Archer |
| 14:36 | Build | Farm |
| 14:36 | Build | Farm |
| 14:37 | Build | Farm |
| 14:37 | Build | Farm |
| 14:38 | Build | Farm |
| 14:38 | Build | Farm |
| 14:38 | Build | Farm |
| 14:38 | Build | Farm |
| 14:42 | Create | Villager (Male) |
| 14:43 | Create | Archer |
| 14:43 | Create | Archer |
| 14:56 | Build | House |
| 15:06 | Build | Stable |
| 15:08 | Create | Villager (Male) |
| 15:18 | Create | Archer |
| 15:18 | Create | Archer |
| 15:24 | Build | Palisade Gate |
| 15:28 | Create | Villager (Male) |
| 15:30 | Build | House |
| 15:33 | Build | Farm |
| 15:40 | Create | Villager (Male) |
| 15:41 | Create | Archer |
| 15:41 | Create | Archer |
| 15:54 | Create | Villager (Male) |
| 15:58 | Build | Farm |
| 16:04 | Build | Palisade Wall |
| 16:25 | Build | House |
| 16:26 | Build | House |
| 16:28 | Create | Archer |
| 16:28 | Create | Archer |
| 16:36 | Create | Scout Cavalry |
| 16:36 | Create | Scout Cavalry |
| 16:46 | Create | Villager (Male) |
| 16:47 | Build | House |
| 16:58 | Create | Scout Cavalry |
| 16:59 | Create | Villager (Male) |
| 17:16 | Build | House |
| 17:24 | Build | Farm |
| 17:24 | Research | Wheelbarrow |
| 17:43 | Build | Farm |
| 17:45 | Build | Farm |
| 17:50 | Build | Farm |
| 17:54 | Build | Farm |
| 18:37 | Create | Villager (Male) |
| 18:44 | Build | Market |
| 19:00 | Create | Villager (Male) |
| 19:28 | Create | Villager (Male) |
| 20:04 | Research | Castle Age |
| 20:07 | Create | Archer |
| 20:07 | Create | Archer |
| 20:13 | Create | Archer |
| 20:14 | Create | Archer |
| 20:15 | Build | House |
| 20:39 | Create | Spearman |
| 20:39 | Create | Spearman |
| 20:46 | Build | Mining Camp |
| 21:00 | Create | Archer |
| 21:00 | Create | Archer |
| 21:05 | Create | Spearman |
| 21:22 | Build | House |
| 21:28 | Create | Villager (Male) |
| 21:30 | Create | Archer |
| 21:30 | Create | Archer |
Match timeline
| 2:19 | JOJO ROAD ROLLER · first_building Barracks |
| 4:35 | Andi · wall_segment Palisade Wall x1 |
| 4:58 | Andi · wall_segment Palisade Wall x1 |
| 5:30 | Andi · wall_segment Palisade Wall x7 |
| 5:32 | Andi · wall_segment Palisade Wall x9 |
| 5:40 | Andi · wall_segment Palisade Wall x2 |
| 5:42 | Andi · wall_segment Palisade Wall x1 |
| 5:49 | Andi · wall_segment Palisade Wall x1 |
| 7:23 | Andi · wall_segment Palisade Wall x11 |
| 8:35 | JOJO ROAD ROLLER · wall_segment Palisade Wall x2 |
| 8:36 | JOJO ROAD ROLLER · wall_segment Palisade Wall x8 |
| 8:37 | JOJO ROAD ROLLER · wall_segment Palisade Wall x9 |
| 8:50 | Andi · wall_segment Palisade Wall x1 |
| 9:17 | JOJO ROAD ROLLER · wall_segment Palisade Wall x8 |
| 9:18 | JOJO ROAD ROLLER · wall_segment Palisade Wall x3 |
| 9:39 | JOJO ROAD ROLLER · wall_segment Palisade Wall x10 |
| 9:40 | Andi · first_building Barracks |
| 9:48 | JOJO ROAD ROLLER · wall_segment Palisade Wall x4 |
| 9:52 | JOJO ROAD ROLLER · wall_segment Palisade Wall x6 |
| 9:59 | JOJO ROAD ROLLER · wall_segment Palisade Wall x6 |
| 10:14 | JOJO ROAD ROLLER · wall_segment Palisade Wall x5 |
| 11:35 | Andi · age_up feudal |
| 11:37 | Andi · first_building Archery Range |
| 13:21 | JOJO ROAD ROLLER · age_up feudal |
| 14:37 | JOJO ROAD ROLLER · first_building Stable |
| 15:06 | Andi · first_building Stable |
| 16:04 | Andi · wall_segment Palisade Wall x15 |
| 17:52 | JOJO ROAD ROLLER · wall_segment Palisade Wall x1 |
| 18:03 | JOJO ROAD ROLLER · wall_segment Palisade Wall x1 |
| 21:05 | JOJO ROAD ROLLER · first_market_buy 100 food |
| 22:30 | Andi · age_up castle |
| 22:47 | Andi · first_building Monastery |
| 23:00 | JOJO ROAD ROLLER · first_building Archery Range |
| 23:42 | Andi · first_market_sell 100 food |
| 24:59 | JOJO ROAD ROLLER · age_up castle |
| 25:12 | JOJO ROAD ROLLER · first_building Monastery |
| 30:38 | JOJO ROAD ROLLER · first_market_sell 100 wood |
| 33:19 | Andi · first_building Castle |
| 37:14 | JOJO ROAD ROLLER · first_building Castle |
| 39:05 | JOJO ROAD ROLLER · wall_segment Stone Wall x7 |
| 39:09 | JOJO ROAD ROLLER · wall_segment Stone Wall x1 |
| 39:15 | JOJO ROAD ROLLER · age_up imperial |
| 40:41 | JOJO ROAD ROLLER · wall_segment Stone Wall x4 |
| 41:24 | JOJO ROAD ROLLER · wall_segment Stone Wall x4 |
| 41:33 | JOJO ROAD ROLLER · wall_segment Stone Wall x14 |
| 41:35 | JOJO ROAD ROLLER · wall_segment Stone Wall x18 |
| 41:41 | Andi · age_up imperial |
| 43:14 | JOJO ROAD ROLLER · wall_segment Stone Wall x9 |
| 43:41 | JOJO ROAD ROLLER · wall_segment Stone Wall x2 |
| 44:20 | JOJO ROAD ROLLER · wall_segment Stone Wall x4 |
| 47:46 | Andi · first_building Siege Workshop |
| 49:24 | JOJO ROAD ROLLER · wall_segment Stone Wall x1 |
| 49:26 | JOJO ROAD ROLLER · wall_segment Stone Wall x11 |
| 58:51 | Andi · wall_segment Stone Wall x1 |
| 59:22 | Andi · wall_segment Stone Wall x1 |
| 60:17 | JOJO ROAD ROLLER · resign |
[ AI ANALYSIS · 1 CREDIT ]
What really happened in this match?
Wolo.gg analyzes every decision: build order, eco, micro, common mistakes by bracket. Personalized analysis on WhatsApp or Discord in 30 seconds.
Civ guide
Lithuanians
Perfil
Jugador #12249685